 Dungeon Crawl Stone Soup version 0.26.1-11-gd32895ea62 (webtiles) character file.

Game seed: 4957314984000574622

289 raph the Geomancer (level 6, 0/33 HPs)
             Began as a Gargoyle Earth Elementalist on May 27, 2021.
             Was a Follower of Makhleb.
             Killed by divine providence
             ... invoked by an orc priest
              (10 damage)
             ... on level 5 of the Dungeon.
             The game lasted 00:07:45 (4151 turns).

raph the Geomancer (Gargoyle Earth Elementalist)    Turns: 4151, Time: 00:07:45

Health: 0/33       AC:  9    Str: 18    XL:     6   Next: 31%
Magic:  9/9        EV: 12    Int: 17    God:    Makhleb [*.....]
Gold:   114        SH:  0    Dex: 10    Spells: 3/9 levels left

rFire    . . .     SeeInvis .   a - +2 whip (venom)
rCold    . . .     Faith    .   (no shield)
rNeg     + . .     Spirit   .   c - +0 robe
rPois    ∞         Reflect  .   d - +1 helmet
rElec    +         Harm     .   p - +0 cloak (curse)
rCorr    .         Rampage  .   (no gloves)
Will     .....                  (no boots)
Stlth    ++........             (no amulet)
HPRegen  0.11/turn              l - +6 ring of strength
MPRegen  0.11/turn              (no ring)

@: hasted, very quick
A: negative energy resistance 1, electricity resistance, unbreathing,
petrification resistance, miasma immunity, AC +4
a: Renounce Religion


You were on level 5 of the Dungeon.
You worshipped Makhleb.
Makhleb was aware of your devotion.
You visited 1 branch of the dungeon, and saw 4 of its levels.

You collected 114 gold pieces.

Inventory:

Hand Weapons
 a - a +2 whip of venom (weapon)
 e - a +1 whip
Missiles
 b - 3 stones
 r - 32 poisoned darts
Armour
 c - a +0 robe (worn)
 d - a +1 helmet (worn)
 p - a cursed +0 cloak (worn)
Jewellery
 l - a +6 ring of strength (left hand)
Scrolls
 j - 2 scrolls of magic mapping
 m - 2 scrolls of remove curse
Potions
 f - a potion of magic
 g - a potion of invisibility {unknown}
 h - a potion of mutation
 k - a potion of attraction {unknown}
 n - a potion of cancellation
 o - 4 potions of curing {unknown}
 q - a potion of heal wounds {unknown}


   Skills:
 + Level 0.5 Fighting
 * Level 0.0 Maces & Flails
 + Level 0.4 Armour
 + Level 1.6 Dodging
 + Level 2.3 Stealth
 + Level 2.1 Spellcasting
 - Level 0.7 Transmutations
 * Level 8.0 Earth Magic


You had 3 spell levels left.
You knew the following spells:

 Your Spells              Type           Power        Failure   Level
a - Sandblast             Erth           58%          1%          1
b - Passwall              Tmut/Erth      13%          4%          2
c - Stone Arrow           Conj/Erth      30%          11%         3

Your spell library contained the following spells:

 Spells                   Type           Power        Failure   Level
 Lee's Rapid Deconstruct  Erth           14%          21%         5
 Petrify                  Tmut/Erth      16%          32%         4


Dungeon Overview and Level Annotations

Branches:
Dungeon (3/15)

Altars:
Makhleb

Annotations:
D:2 Sigmund


Innate Abilities, Weirdness & Mutations

You are resistant to torment.
Your stone body is resilient. (AC +4)
You are immune to poison.
You resist negative energy. (rN+)
You are resistant to electric shocks. (rElec)
You can survive without breathing.
You are immune to petrification.
You are immune to miasma.


Message History

Found a leather armour.
Found a stone staircase leading down.
As you read the scroll of magic mapping, it crumbles to dust.
You feel aware of your surroundings.
You sensed 2 altars.
The orc throws a boomerang.
The boomerang hits you but does no damage.
The weapon returns to the orc!
An orc comes into view. It is wielding a +0 mace.
Found 17 gold pieces.
Found a stone staircase leading up.
The orc throws a boomerang.
The boomerang misses you.
The weapon returns to the orc!
The orc priest invokes the aid of Beogh against you.
Beogh smites you!
The orc priest hits you but does no damage.
The orc priest invokes the aid of Beogh against you.
Beogh smites you!
You feel yourself speed up.
The orc priest hits you but does no damage.
The orc priest mumbles some strange prayers to Beogh against you.
Beogh smites you!
You die...

**,*******,,,* *...#...##
*,,,,,,,,,,,* *#.......#*
*********,*** #........** ***
#......,,,**
###########.o..#***,,,
#..$.....oo....# ***,
#.......o.oo..#* **
#.......o.o...#
*#..<>@.oo.#...#*
*******#......#######..#******
*,,,,,......### *#....,,,*
**,****#####.* *####***, *,**
#>** ** *** **,* * ***


You could see 2 orc priests and 8 orcs.

Vanquished Creatures
  A hound (D:3)
  An orc wizard (D:3)
  A worker ant (D:3)
  Natasha (D:2)
  Robin (D:2)
  6 adders
  An ooze (D:3)
  3 worms
  3 dart slugs
  4 leopard geckos
  4 orcs (D:3)
  3 giant cockroaches
  10 hobgoblins
  2 jackals (D:1)
  2 quokkas
  A ball python (D:1)
  10 bats
  4 frilled lizards
  15 goblins
  10 kobolds
  7 rats
90 creatures vanquished.

Notes
Turn   | Place    | Note
-------+----------+-------------------------------------------
     0 | D:1      | raph the Gargoyle Earth Elementalist began the quest for
                  | the Orb.
     0 | D:1      | Reached XP level 1. HP: 10/10 MP: 3/3
   473 | D:1      | Reached skill level 4 in Earth Magic
   554 | D:1      | Reached XP level 2. HP: 8/15 MP: 0/5
  1377 | D:2      | Reached skill level 5 in Earth Magic
  1377 | D:2      | Reached XP level 3. HP: 3/19 MP: 3/6
  1982 | D:2      | Noticed Robin
  1992 | D:2      | Reached XP level 4. HP: 15/24 MP: 1/7
  2012 | D:2      | Killed Robin
  2013 | D:2      | Reached skill level 6 in Earth Magic
  2471 | D:2      | Learned a level 2 spell: Passwall
  2475 | D:2      | Learned a level 3 spell: Stone Arrow
  2622 | D:2      | Noticed Natasha
  2654 | D:2      | Killed Natasha
  2655 | D:2      | Reached XP level 5. HP: 28/28 MP: 3/8
  2857 | D:2      | Noticed Sigmund
  2951 | D:3      | Found a burning altar of Makhleb.
  2955 | D:3      | Reached skill level 7 in Earth Magic
  3013 | D:3      | Became a worshipper of Makhleb the Destroyer
  3593 | D:3      | Reached XP level 6. HP: 32/32 MP: 9/9
  3852 | D:3      | Reached skill level 8 in Earth Magic
  3980 | D:3      | Reached * piety under Makhleb
  4143 | D:3      | You fall into a shaft and drop 2 floors!
  4143 | D:5      | Entered Level 5 of the Dungeon
  4151 | D:5      | Killed from afar by an orc priest

Illustrated notes

Levels and vault maps discovered:
D:1:      nicolae_arrival_memento_mori, layout_basic
D:2:      layout_basic, serial_aquarium, aquarium_bridge_long_joined
          [aquarium_subvault_wall, aquarium_subvault_balcony,
          aquarium_subvault_window, aquarium_subvault_wall,
          aquarium_subvault_balcony, aquarium_subvault_bridge],
          aquarium_window_double, aquarium_window_1, aquarium_window_corner,
          aquarium_view_2c, uniq_robin, uniq_natasha, uniq_sigmund
D:3:      minmay_chambers_of_threes, layout_basic, makhleb_blood_cavern_becter,
          kennysheep_nondescript, grunt_decor_arrowhead
D:5:      minmay_octagon_keep, layout_layer_cave,
          gammafunk_temple_overflow_pools

Skill      XL: |  1  2  3  4  5  6 |
---------------+-------------------+-----
Earth Magic    | 4 5 6 7 8 |  8.0
Fighting       | |  0.5
Armour         | |  0.4
Dodging        | |  1.6
Stealth        | |  2.3
Spellcasting   | |  2.1
Transmutations | |  0.7

Action                   |  1- 3 |  4- 6 || total
-------------------------+-------+-------++-------
Melee: Whip              |    71 |   101 ||   172
 Cast: Sandblast         |    39 |    39 ||    78
       Passwall          |       |     1 ||     1
  Use: Potion            |       |     4 ||     4
       Scroll            |       |    10 ||    10
 Stab: Sleeping          |     1 |     3 ||     4
       Distracted        |       |     1 ||     1
Armor: Robe              |    41 |    54 ||    95
Dodge: Dodged            |    86 |    72 ||   158
